 Dungeon Crawl Stone Soup version 0.18.1-48-g4cf74bf (webtiles) character file.

72191 OTRawrior the Thaumaturge (level 15, -2/90 HPs)
             Began as a Gargoyle Earth Elementalist on Aug 15, 2016.
             Was a High Priest of Vehumet.
             Slain by a death yak (8 damage)
             ... on level 8 of the Lair of Beasts on Aug 16, 2016.
             The game lasted 01:46:00 (30918 turns).

OTRawrior the Thaumaturge (GrEE)                   Turns: 30918, Time: 01:46:01

Health: -2/90      AC: 23    Str: 12    XL:     15   Next: 39%
Magic:  5/31       EV: 14    Int: 22    God:    Vehumet [*****.]
Gold:   1100       SH:  0    Dex: 10    Spells: 6 memorised, 14 levels left

rFire  . . .     SeeInvis .     F - staff of earth
rCold  . . .     Gourm    .     p - +2 robe {MR+}
rNeg   + . .     Faith    .     (no shield)
rPois  ∞         Spirit   .     c - +2 helmet
rElec  +         Dismiss  .     I - +1 cloak
rCorr  .         Reflect  .     (no gloves)
SustAt .         Harm     .     H - +1 pair of boots
MR     ++...                    g - amulet of regeneration
Stlth  ++........               (no ring)
                                (no ring)

@: flying, very resistant to hostile enchantments, unstealthy
A: big wings, negative energy resistance 1, electricity resistance, unbreathing,
petrification resistance, rot immunity, AC +11
a: Stop Flying, Renounce Religion


You were on level 8 of the Lair of Beasts.
You worshipped Vehumet.
Vehumet was extremely pleased with you.
You were hungry.

You visited 5 branches of the dungeon, and saw 21 of its levels.

You collected 1221 gold pieces.
You spent 121 gold pieces at shops.

Inventory:

Hand Weapons
 B - the +8 hand axe "Enluhaes" {freeze, +Inv}
   (You took it off a crimson imp on level 4 of the Dungeon)

   It has been specially enchanted to freeze those struck by it, causing extra
   injury to most foes and up to half again as much damage against particularly
   susceptible opponents.
   It can also slow down cold-blooded creatures.
   It lets you turn invisible.
 N - a +2 flail of holy wrath
Missiles
 b - 485 stones (quivered)
Armour
 c - a +2 helmet (worn)
 p - a +2 robe of magic resistance (worn)
 q - a +2 robe of cold resistance
 H - a +1 pair of boots (worn)
 I - a +1 cloak (worn)
Magical Staves
 t - an uncursed staff of wizardry
 F - an uncursed staff of earth (weapon)
Jewellery
 g - an amulet of regeneration (around neck)
Wands
 a - a wand of confusion (27/48)
 u - a wand of lightning (11/15)
 Q - a wand of digging (10/24)
 S - a wand of polymorph (24/24)
 Z - a wand of lightning (2/15)
Scrolls
 f - 4 scrolls of amnesia
 j - 6 scrolls of identify
 k - 7 scrolls of remove curse
 o - 3 scrolls of teleportation
 s - a scroll of enchant armour
 y - 2 scrolls of blinking {unknown}
 D - 5 scrolls of recharging
 E - 4 scrolls of magic mapping
 U - a scroll of fear
 W - a scroll of silence {unknown}
Potions
 e - 2 potions of berserk rage
 i - a potion of invisibility {unknown}
 l - a potion of mutation {unknown}
 m - 2 potions of ambrosia {unknown}
 n - 2 potions of agility
 r - a potion of degeneration {unknown}
 w - a potion of curing
 z - 2 potions of heal wounds {unknown}
 A - a potion of flight {unknown}
 O - a potion of cure mutation {unknown}
 T - 2 potions of might {unknown}
Books
 h - a book of Ice

   Spells                             Type                      Level
   a - Ice Form                       Ice/Transmutation            4
   b - Metabolic Englaciation         Hexes/Ice                    5
   c - Ozocubu's Refrigeration        Ice                          6
   d - Bolt of Cold                   Conjuration/Ice              6
   e - Freezing Cloud                 Conjuration/Ice/Air          6
   f - Simulacrum                     Ice/Necromancy               6
Comestibles
 d - 5 bread rations
 v - 3 chunks of flesh
 x - 8 beef jerkies
 J - 7 meat rations
 L - 31 fruits
 P - 2 slices of pizza
 V - 12 royal jellies


   Skills:
 + Level 9.1 Fighting
 - Level 1.1(5.1) Maces & Flails
 + Level 8.1(8.2) Staves
 - Level 6.0 Armour
 + Level 7.1 Dodging
 - Level 2.1 Stealth
   Level 5.0 Shields
 * Level 12.1 Spellcasting
 + Level 10.3 Conjurations
   Level 0.7 Transmutations
 + Level 8.0 Fire Magic
 + Level 11.5 Earth Magic
 + Level 8.0 Evocations


You had 14 spell levels left.
You knew the following spells:

 Your Spells              Type           Power        Failure   Level  Hunger
a - Sandblast             Erth           ######       1%          1    None
b - Stone Arrow           Conj/Erth      ######       1%          3    None
c - Lee's Rapid Deconstr  Erth           #######...   1%          5    ####...
d - Fireball              Conj/Fire      ######....   1%          5    ####...
e - Conjure Flame         Conj/Fire      ######..     1%          3    None
g - Ring of Flames        Chrm/Fire      ####......   100%        7    #######


Dungeon Overview and Level Annotations

Branches:
Dungeon (10/15)            Temple (1/1) D:4            Lair (8/8) D:9
  Swamp (1/4) Lair:3        Snake (1/4) Lair:6        Slime (0/6) Lair:7
    Orc: D:9-12

Altars:
Ashenzari
Cheibriados
Dithmenos
Elyvilon
Fedhas
Gozag
Kikubaaqudgha
Makhleb
Nemelex Xobeh
Okawaru
Pakellas
Qazlal
Ru
Sif Muna
Trog
Vehumet
Xom
Yredelemnul
Zin
The Shining One

Shops:
D:7 (?[?%


Innate Abilities, Weirdness & Mutations

You are resistant to torment.
Your stone body is resilient (AC +11).
You are immune to poison.
Your large and strong wings let you fly indefinitely.
You resist negative energy.
You are resistant to electric shocks.
You can survive without breathing.
You are immune to petrification.
You are immune to rotting.


Message History

You feel better. The death yak gores you!
* * * LOW HITPOINT WARNING * * *
The death yak is engulfed in roaring flames.
The death yak closely misses you.
The death yak is engulfed in roaring flames.
The death yak gores you.
* * * LOW HITPOINT WARNING * * *
Read which item? (? for menu, Esc to quit)
As you read the scroll of fear, it crumbles to dust.
You assume a fearsome visage.
The death yak looks frightened!
The death yak resists with some effort.
The yak looks frightened!
The death yak resists with almost no effort.
The death yak gores the plant but does no damage.
The death yak is engulfed in roaring flames.
You kill the death yak!
Vehumet accepts your kill.
You feel your power returning.
The death yak is engulfed in roaring flames.
The death yak gores you!
You die...

...P.###......## ######
....## ##.....P#
####....###. ....#
##...###..# #.P.....P...
...####...#######
#.....Y.... ...#
#...###.### ###.....Y8Y.
...# #..##.....##
#...Y.8....#
...###......#..P###
##..##.....##
..###......##P..YY###..##
#...P# ..#
##....####..@§.Y..##
#..## ..# ##.###
##.###÷÷.## .##


PP# ### ##..# ##..P# . P.## #######..## #...## . P..# #P.##...## ##..### ## PPP#
##......### ##...## PPP# #....##...### ###..### PP.# ##...####...## ##...P##
P..# #..PP# ##...###......# You could see 2 death yaks and a yak (fleeing).

Vanquished Creatures
  Maud (Lair:7)
  Snorg (Lair:6)
  Josephine (Lair:4)
  8 hydras
  Erica (Lair:1)
  4 catoblepae
  Nergalle (Lair:4)
  20 death yaks
  14 elephants
  An oklob plant (Lair:8)
  The ghost of Gartch4 the Reanimator, a novice DENe (D:7)
  6 black mambas
  22 spiny frogs
  A torpor snail (Lair:4)
  An orange demon (D:8)
  2 rime drakes
  12 komodo dragons
  A queen bee (Lair:1)
  A two-headed ogre (D:9)
  3 polar bears
  Grinder (D:3)
  35 blink frogs
  Sigmund (D:2)
  4 wyverns
  3 wraiths (Lair:4)
  A basilisk (Lair:4)
  34 yaks
  13 hippogriffs
  2 hungry ghosts (D:9)
  A swamp worm (Lair:3)
  20 water moccasins
  21 porcupines
  A sky beast (D:6)
  An orc warrior (D:8)
  2 ice beasts (D:6)
  A black bear (D:9)
  21 wolves
  7 ogres
  A necrophage (D:9)
  5 centaurs
  4 big kobolds
  9 crocodiles
  23 giant frogs
  2 scorpions
  27 killer bees
  7 wights
  3 howler monkeys
  4 crimson imps
  6 hounds
  A quasit (D:6)
  A giant frog skeleton (D:6)
  An orc priest (D:8)
  A centaur skeleton (D:8)
  3 jellies
  6 iron imps (D:8)
  Ijyb (D:4)
  8 iguanas
  8 orc wizards
  A hell rat (D:9)
  8 worker ants
  A statue (D:8)
  24 sheep
  A hound zombie (D:8)
  A hound skeleton (D:9)
  A howler monkey zombie (D:9)
  3 gnolls (D:3)
  62 river rats
  10 adders
  2 shadow imps
  A white imp (D:5)
  An ooze (D:1)
  An adder zombie (D:9)
  3 worms
  3 dart slugs
  A giant gecko (D:2)
  31 orcs
  8 bats
  6 giant cockroaches
  37 goblins
  31 hobgoblins
  2 jackals (D:7)
  5 quokkas
  3 ball pythons
  10 giant newts
  20 kobolds
  A quokka skeleton (D:7)
  11 rats
  6 bushes
  A fungus (Lair:2)
  2 plants
690 creatures vanquished.

Vanquished Creatures (others)
  An orc wizard (D:8)
  An orc (D:8)
  35 fungi
  11 plants
48 creatures vanquished.

Grand Total: 738 creatures vanquished

Notes
Turn   | Place    | Note
--------------------------------------------------------------
     0 | D:1      | OTRawrior the Gargoyle Earth Elementalist began the quest for the Orb.
     0 | D:1      | Reached XP level 1. HP: 10/10 MP: 3/3
   224 | D:1      | Reached XP level 2. HP: 15/15 MP: 5/5
   570 | D:1      | Reached XP level 3. HP: 17/19 MP: 0/7
   640 | D:1      | Learned a level 3 spell: Stone Arrow
  1491 | D:2      | Reached skill level 3 in Spellcasting
  1873 | D:2      | Reached XP level 4. HP: 24/24 MP: 4/8
  1969 | D:2      | Noticed Sigmund
  2424 | D:3      | Noticed Grinder
  2428 | D:3      | Paralysed by Grinder for 2 turns
  2437 | D:3      | Killed Grinder
  2437 | D:3      | Reached skill level 4 in Spellcasting
  2437 | D:3      | Reached skill level 5 in Earth Magic
  2437 | D:3      | Reached XP level 5. HP: 19/28 MP: 3/11
  2437 | D:3      | Reached XP level 6. HP: 22/32 MP: 3/12
  2444 | D:3      | Learned a level 5 spell: Lee's Rapid Deconstruction
  2626 | D:3      | Found a stormy altar of Qazlal.
  3665 | D:3      | Reached skill level 5 in Spellcasting
  3753 | D:3      | Reached XP level 7. HP: 36/36 MP: 7/14
  4639 | D:4      | Found a staircase to the Ecumenical Temple.
  4793 | Temple   | Entered the Ecumenical Temple
  5023 | D:4      | Found a shattered altar of Ashenzari.
  5455 | D:4      | Found a burning altar of Makhleb.
  5536 | D:4      | Found a snail-covered altar of Cheibriados.
  5741 | D:4      | Reached skill level 6 in Spellcasting
  5802 | D:4      | Got a slimy hand axe {freeze}
  5803 | D:4      | Identified the +8 hand axe "Enluhaes" {freeze, +Inv} (You took it off a crimson imp on level 4 of the Dungeon)
  5853 | D:4      | Noticed Ijyb
  5861 | D:4      | Killed Ijyb
  5861 | D:4      | Reached XP level 8. HP: 41/41 MP: 14/17
  6280 | D:2      | Killed Sigmund
  6379 | D:5      | Entered Level 5 of the Dungeon
  6386 | D:5      | Reached skill level 1 in Armour
  6386 | D:5      | Reached skill level 1 in Evocations
  6520 | D:5      | Reached skill level 1 in Fighting
  6520 | D:5      | Reached skill level 1 in Maces & Flails
  8182 | D:6      | Reached skill level 1 in Staves
  8252 | D:6      | Reached skill level 1 in Shields
  8252 | D:6      | Reached XP level 9. HP: 48/48 MP: 1/19
  8875 | D:7      | Found Nulucey's Food Shop.
  8906 | D:7      | Noticed Gartch4's ghost (novice DENe)
  8980 | D:7      | Killed Gartch4's ghost
  8980 | D:7      | Reached skill level 7 in Spellcasting
  8980 | D:7      | Reached skill level 5 in Conjurations
  9164 | D:7      | Found an oddly glowing altar of Pakellas.
  9226 | D:7      | Found Dosug's Antique Armour Emporium.
  9231 | D:7      | Found Aloel's Magic Scroll Boutique.
  9246 | D:7      | Bought an embroidered cloak for 121 gold pieces
  9701 | D:7      | Found Cujaolan's Magic Scroll Shop.
  9797 | D:7      | Found Erosapto's Weapon Shop.
 10200 | D:8      | Found a radiant altar of Vehumet.
 10227 | D:8      | Became a worshipper of Vehumet
 10238 | D:8      | Noticed a hell beast
 10239 | D:8      | Found an ancient bone altar of Kikubaaqudgha.
 10241 | D:8      | Noticed an orange demon
 10242 | D:8      | Noticed a hell beast
 10456 | D:8      | Found a bloodstained altar of Trog.
 10717 | D:8      | Reached XP level 10. HP: 41/56 MP: 13/21
 11209 | D:8      | Reached * piety under Vehumet
 11209 | D:8      | Offered knowledge of Freeze by Vehumet.
 11320 | D:8      | Found an iron altar of Okawaru.
 11335 | D:8      | Found an opulent altar of Gozag.
 11750 | D:8      | Killed an orange demon
 12742 | D:9      | Reached ** piety under Vehumet
 12742 | D:9      | Offered knowledge of Shock by Vehumet.
 12779 | D:9      | Found a staircase to the Lair.
 12983 | D:9      | Learned a level 7 spell: Ring of Flames
 13182 | D:9      | Reached skill level 8 in Spellcasting
 13654 | D:9      | Reached skill level 1 in Fire Magic
 13689 | D:9      | You fall through a shaft!
 13689 | D:10     | Entered Level 10 of the Dungeon
 13767 | D:10     | Noticed a hill giant
 14002 | D:9      | Offered knowledge of Throw Frost by Vehumet.
 14007 | D:9      | Learned a level 3 spell: Conjure Flame
 14263 | D:9      | Found a glowing silver altar of Zin.
 14268 | D:9      | Found a stormy altar of Qazlal.
 14320 | Lair:1   | Entered Level 1 of the Lair of Beasts
 14361 | Lair:1   | Noticed a black mamba
 14367 | Lair:1   | Killed a black mamba
 14367 | Lair:1   | Reached XP level 11. HP: 62/62 MP: 16/23
 14694 | Lair:1   | Noticed Erica
 14701 | Lair:1   | Killed Erica
 14701 | Lair:1   | Reached skill level 5 in Fighting
 14701 | Lair:1   | Reached skill level 5 in Armour
 15058 | Lair:1   | Reached *** piety under Vehumet
 15799 | Lair:1   | Noticed a four-headed hydra
 15805 | Lair:1   | Killed a four-headed hydra
 15934 | Lair:1   | Reached skill level 9 in Spellcasting
 16177 | Lair:1   | Reached skill level 5 in Shields
 16263 | Lair:1   | Offered knowledge of Throw Icicle by Vehumet.
 16280 | Lair:1   | HP: 2/64 [killer bee (7)]
 16662 | D:9      | Reached XP level 12. HP: 52/69 MP: 10/25
 17143 | Lair:1   | Reached skill level 5 in Evocations
 17145 | Lair:1   | Reached **** piety under Vehumet
 17485 | Lair:2   | Offered knowledge of Irradiate by Vehumet.
 17491 | Lair:2   | Reached skill level 5 in Staves
 17703 | Lair:2   | Reached skill level 5 in Dodging
 18935 | Lair:3   | Noticed an eight-headed hydra
 18940 | Lair:3   | Killed an eight-headed hydra
 19750 | Lair:3   | Reached skill level 10 in Spellcasting
 19790 | Lair:3   | Found a staircase to the Swamp.
 19968 | Swamp:1  | Entered Level 1 of the Swamp
 20069 | Lair:3   | Reached ***** piety under Vehumet
 20081 | Lair:3   | Offered knowledge of Fireball by Vehumet.
 20122 | Lair:3   | Learned a level 5 spell: Fireball
 20291 | Lair:3   | Found an iron altar of Okawaru.
 20300 | Lair:3   | Got a heavily jewelled robe
 20301 | Lair:3   | Identified the cursed +0 robe of Egalitarianism {+Blink Str+4 Stlth+} (You found it on level 3 of the Lair of Beasts)
 20588 | Lair:4   | Noticed Josephine
 20606 | Lair:4   | Killed Josephine
 20606 | Lair:4   | Reached XP level 13. HP: 76/76 MP: 11/27
 20764 | Lair:4   | Reached skill level 5 in Fire Magic
 21542 | Lair:4   | Noticed Nergalle
 21587 | Lair:4   | Killed Nergalle
 22885 | Lair:5   | Reached skill level 10 in Earth Magic
 24558 | Lair:6   | Offered knowledge of Poison Arrow by Vehumet.
 24705 | Lair:6   | Found a staircase to the Snake Pit.
 24715 | Snake:1  | Entered Level 1 of the Snake Pit
 25037 | Lair:6   | Reached skill level 11 in Spellcasting
 25610 | Lair:6   | Gained mutation: Your large and strong wings let you fly indefinitely. [Gargoyle growth]
 25610 | Lair:6   | Reached XP level 14. HP: 70/83 MP: 23/29
 25884 | Lair:6   | Noticed Snorg
 25939 | Lair:6   | Killed Snorg
 27851 | Lair:7   | Noticed Maud
 27985 | Lair:7   | Killed Maud
 28588 | Lair:7   | Offered knowledge of Iskenderun's Battlesphere by Vehumet.
 29274 | Lair:7   | Found a staircase to the Slime Pits.
 29437 | Lair:8   | Entered Level 8 of the Lair of Beasts
 29632 | Lair:8   | Reached skill level 10 in Conjurations
 29822 | Lair:8   | Reached XP level 15. HP: 89/89 MP: 3/30
 30364 | Lair:8   | Reached skill level 12 in Spellcasting
 30918 | Lair:8   | Slain by a death yak

Skill      XL: |  1  2  3  4  5  6  7  8  9 10 11 12 13 14 15 |
---------------+----------------------------------------------+-----
Earth Magic    | 4 5 6 7 8 9 10 11 | 11.5
Spellcasting   | 3 4 5 6 7 8 9 10 11 12 | 12.1
Conjurations   | 2 4 5 6 7 8 9 10 | 10.3
Armour         | 2 3 4 5 6 |  6.0
Evocations     | 2 4 5 6 7 8 |  8.0
Fighting       | 1 3 4 5 6 7 8 9 |  9.1
Maces & Flails | 1 |  1.1
Dodging        | 2 3 4 5 6 7 |  7.1
Staves         | 1 2 3 4 5 6 7 8 |  8.1
Shields        | 1 2 4 5 |  5.0
Fire Magic     | 1 3 4 6 7 8 |  8.0
Stealth        | |  2.1
Transmutations | |  0.7

Action                   |  1- 3 |  4- 6 |  7- 9 | 10-12 | 13-15 || total
-------------------------+-------+-------+-------+-------+-------++-------
Melee: Short sword       |    70 |    70 |       |       |       ||   140
       Dagger            |       |       |    63 |       |       ||    63
       Hand axe          |       |       |    11 |       |       ||    11
       Staff             |       |       |   103 |   108 |   468 ||   679
       Flail             |       |       |       |       |    25 ||    25
 Cast: Sandblast         |    50 |    89 |   152 |   110 |    56 ||   457
       Stone Arrow       |       |     5 |    55 |   361 |   412 ||   833
       Lee's Rapid Decon |       |       |     8 |     9 |    10 ||    27
       Conjure Flame     |       |       |       |     2 |    17 ||    19
       Fireball          |       |       |       |       |    64 ||    64
 Abil: Evoke Flight      |       |       |       |     1 |       ||     1
       Fly               |       |       |       |       |     1 ||     1
Evoke: Wand              |       |       |       |     4 |     2 ||     6
  Use: Scroll            |       |       |     2 |    11 |    12 ||    25
       Potion            |       |       |     1 |     2 |     2 ||     5
 Stab: Sleeping          |     1 |       |     1 |       |       ||     2
       Distracted        |       |       |       |       |     1 ||     1
  Eat: Chunk             |     3 |     7 |     5 |    23 |    31 ||    69
       Meat ration       |       |       |     4 |       |       ||     4
       Beef jerky        |       |       |     1 |     1 |       ||     2
       Bread ration      |       |       |       |     2 |     3 ||     5
       Fruit             |       |       |       |     1 |       ||     1
Armor: Robe              |    23 |    47 |   140 |   147 |   457 ||   814
       Skin              |       |       |       |       |     1 ||     1
Dodge: Dodged            |    70 |    91 |   171 |   230 |   592 ||  1154
Block: Other             |       |       |       |    40 |       ||    40
       Reflection        |       |       |       |     1 |       ||     1
